| TOP OF THE 1ST |
|
Biloxi Shuckers batting - Pitching for San Antonio Missions : RHP Travis White
|
|
Pitching: RHP Travis White
|
|
|
Batting: RHB Nick Cummings
|
0-0: Ball 1-0: Swinging Strike 1-1: Ball 2-1: Ball 3-1: Foul Ball, location: 2F 3-2: Foul Ball, location: 2F 3-2: Strikes out looking
|
|
Batting: SHB Mike Williams
|
0-0: Foul Ball, location: 2F 0-1: Swinging Strike 0-2: Foul Ball, location: 2F 0-2: Ball 1-2: Ball 2-2: Ball 3-2: Fly out, F8 (Flyball, 8LD, EV 75.6 MPH)
|
|
Batting: RHB Josh Nelson
|
0-0: Ball 1-0: Called Strike 1-1: SINGLE (Line Drive, 6MD, EV 111.9 MPH)
|
|
Batting: SHB Mitchell Greene
|
0-0: Ball 1-0: Swinging Strike 1-1: Ball 2-1: Swinging Strike 2-2: Foul Ball, location: 2F 2-2: 2-RUN HOME RUN (Flyball, 8RXD, EV 110.6 MPH), Distance : 423 ft
|
|
Batting: RHB Steve Byerly
|
0-0: Called Strike 0-1: Ball 1-1: Called Strike 1-2: Ball 2-2: Foul Ball, location: 2F 2-2: Foul Ball, location: 2F 2-2: Ball 3-2: Ground out 6-3 (Groundball, 6, EV 90.0 MPH)
|
| Top of the 1st over - 2 runs, 2 hits, 0 errors, 0 left on base; Biloxi 2 - San Antonio 0 |
| BOTTOM OF THE 1ST |
|
San Antonio Missions batting - Pitching for Biloxi Shuckers : RHP Josh Pelletier
|
|
Pitching: RHP Josh Pelletier
|
|
|
Batting: LHB Sammy Roddenberry
|
0-0: Ball 1-0: Ball 2-0: Ground out U3 (Groundball, 3S, EV 91.2 MPH)
|
|
Batting: SHB Devin Hottenstein
|
0-0: Called Strike 0-1: Ball 1-1: DOUBLE (Groundball, 5L, EV 93.8 MPH)
|
|
Batting: RHB Mike Maserang
|
0-0: Ball 1-0: Ball 2-0: Foul Ball, location: 2F 2-1: SINGLE (Groundball, 4D, EV 107.5 MPH) Devin Hottenstein to third Runner from 3rd tries for Home, SAFE, throw by CF to home
|
|
Batting: RHB Jaden Scott
|
0-0: Ball 1-0: Called Strike 1-1: Foul Ball, location: 2F 1-2: Strikes out swinging
|
|
Batting: RHB Joe Weissman
|
0-0: Ball 1-0: Swinging Strike 1-1: Ball 2-1: Foul Ball, location: 2F 2-2: Foul Ball, location: 2F 2-2: Fly out, F8 (Flyball, 89M, EV 88.8 MPH)
|
| Bottom of the 1st over - 1 run, 2 hits, 0 errors, 1 left on base; Biloxi 2 - San Antonio 1 |
| TOP OF THE 2ND |
|
Biloxi Shuckers batting - Pitching for San Antonio Missions : RHP Travis White
|
|
Batting: RHB Skyler Goss
|
0-0: Fly out, F7 (Line Drive, 78D, EV 89.4 MPH)
|
|
Batting: SHB Robert Sayer
|
0-0: Called Strike 0-1: Foul Ball, location: 2F 0-2: DOUBLE (Line Drive, 9LM, EV 105.0 MPH)
|
|
Batting: RHB Dustin Hartman
|
0-0: Called Strike 0-1: Called Strike 0-2: Strikes out swinging
|
|
Batting: RHB Cameron Rattenbury
|
0-0: Foul Ball, location: 2F 0-1: Swinging Strike 0-2: Ball 1-2: Strikes out swinging, 2-3 out at first.
|
| Top of the 2nd over - 0 runs, 1 hit, 0 errors, 1 left on base; Biloxi 2 - San Antonio 1 |
| BOTTOM OF THE 2ND |
|
San Antonio Missions batting - Pitching for Biloxi Shuckers : RHP Josh Pelletier
|
|
Batting: RHB Min-chin Yi
|
0-0: Called Strike 0-1: Ball 1-1: Ball 2-1: Ball 3-1: Foul Ball, location: 2F 3-2: Fly out, F7 (Flyball, 78M, EV 88.1 MPH)
|
|
Batting: SHB Olaf Zoeteman
|
0-0: Fly out, F8 (Flyball, 8RXD, EV 98.8 MPH)
|
|
Batting: RHB Francisco Trejo
|
0-0: Ball 1-0: Ball 2-0: Fly out, F3 (Line Drive, 3L, EV 73.1 MPH)
|
| Bottom of the 2nd over - 0 runs, 0 hits, 0 errors, 0 left on base; Biloxi 2 - San Antonio 1 |
| TOP OF THE 3RD |
|
Biloxi Shuckers batting - Pitching for San Antonio Missions : RHP Travis White
|
|
Batting: RHB Nick Cummings
|
0-0: Called Strike 0-1: Foul Ball, location: 2F 0-2: Foul Ball, location: 2F 0-2: Ball 1-2: Foul Ball, location: 2F 1-2: Ball 2-2: Strikes out swinging
|
|
Batting: SHB Mike Williams
|
0-0: Fly out, F8 (Flyball, 78D, EV 101.2 MPH)
|
|
Batting: RHB Josh Nelson
|
0-0: Called Strike 0-1: Ground out U3 (Groundball, 34S, EV 93.8 MPH)
|
| Top of the 3rd over - 0 runs, 0 hits, 0 errors, 0 left on base; Biloxi 2 - San Antonio 1 |
| BOTTOM OF THE 3RD |
|
San Antonio Missions batting - Pitching for Biloxi Shuckers : RHP Josh Pelletier
|
|
Batting: RHB Davey Verhoog
|
0-0: Ball 1-0: Foul Ball, location: 2F 1-1: SINGLE (Line Drive, 56, EV 100.0 MPH)
|
|
Batting: LHB Sammy Roddenberry
|
0-0: Ball Davey Verhoog steals 2nd base 1-0: Fly out, F8 (Flyball, 8RM, EV 87.5 MPH)
|
|
Batting: SHB Devin Hottenstein
|
0-0: Called Strike 0-1: Ball 1-1: Swinging Strike 1-2: Ball 2-2: Fly out, F8 (Line Drive, 8LS, EV 97.5 MPH)
|
|
Batting: RHB Mike Maserang
|
0-0: Called Strike 0-1: Ball 1-1: Ball 2-1: Foul Ball, location: 2F 2-2: Fly out, F8 (Line Drive, 89M, EV 84.4 MPH)
|
| Bottom of the 3rd over - 0 runs, 1 hit, 0 errors, 1 left on base; Biloxi 2 - San Antonio 1 |
| TOP OF THE 4TH |
|
Biloxi Shuckers batting - Pitching for San Antonio Missions : RHP Travis White
|
|
Batting: SHB Mitchell Greene
|
0-0: Ball 1-0: Fly out, F8 (Line Drive, 8RM, EV 93.1 MPH)
|
|
Batting: RHB Steve Byerly
|
0-0: Ball 1-0: Foul Ball, location: 2F 1-1: Called Strike 1-2: Strikes out swinging
|
|
Batting: RHB Skyler Goss
|
0-0: Ball 1-0: Foul Ball, location: 2F 1-1: Foul Ball, location: 2F 1-2: Ball 2-2: Ball 3-2: Foul Ball, location: 2F 3-2: Base on Balls
|
|
Batting: SHB Robert Sayer
|
0-0: SINGLE (Groundball, 34D, EV 94.4 MPH) Skyler Goss to second Runner from 2nd tries for 3rd, SAFE, throw by RF made to third
|
|
Batting: RHB Dustin Hartman
|
0-0: SINGLE (Groundball, 56S, EV 63.1 MPH) (infield hit) Skyler Goss scores Robert Sayer to second
|
|
Batting: RHB Cameron Rattenbury
|
0-0: Ball 1-0: Ball 2-0: Foul Ball, location: 2F 2-1: Called Strike 2-2: Fly out, F8 (Flyball, 8RD, EV 95.6 MPH)
|
| Top of the 4th over - 1 run, 2 hits, 0 errors, 2 left on base; Biloxi 3 - San Antonio 1 |
| BOTTOM OF THE 4TH |
|
San Antonio Missions batting - Pitching for Biloxi Shuckers : RHP Josh Pelletier
|
|
Batting: RHB Jaden Scott
|
0-0: Swinging Strike 0-1: Swinging Strike 0-2: Ball 1-2: Strikes out swinging
|
|
Batting: RHB Joe Weissman
|
0-0: Ball 1-0: Swinging Strike 1-1: Swinging Strike 1-2: Foul Ball, location: 2F 1-2: Strikes out looking
|
|
Batting: RHB Min-chin Yi
|
0-0: Called Strike 0-1: Ball 1-1: Called Strike 1-2: SINGLE (Line Drive, 7S, EV 108.1 MPH)
|
|
Batting: SHB Olaf Zoeteman
|
0-0: Swinging Strike 0-1: Called Strike 0-2: Strikes out looking
|
| Bottom of the 4th over - 0 runs, 1 hit, 0 errors, 1 left on base; Biloxi 3 - San Antonio 1 |
| TOP OF THE 5TH |
|
Biloxi Shuckers batting - Pitching for San Antonio Missions : RHP Travis White
|
|
Batting: RHB Nick Cummings
|
0-0: Swinging Strike 0-1: Fly out, F3 (Line Drive, 3L, EV 73.8 MPH)
|
|
Batting: SHB Mike Williams
|
0-0: Ball 1-0: Called Strike 1-1: Ball 2-1: Ball 3-1: Base on Balls
|
|
Batting: RHB Josh Nelson
|
0-0: Called Strike 0-1: Ball 1-1: Called Strike 1-2: 2-RUN HOME RUN (Flyball, 7LD, EV 95.0 MPH), Distance : 349 ft
|
|
Pitching: RHP Warren Swan
|
|
|
Batting: SHB Mitchell Greene
|
0-0: Foul Ball, location: 2F 0-1: Ball 1-1: Foul Ball, location: 2F 1-2: Foul Ball, location: 2F 1-2: Ball 2-2: Foul Ball, location: 2F 2-2: Ball 3-2: Base on Balls
|
|
Batting: RHB Steve Byerly
|
0-0: Swinging Strike 0-1: Swinging Strike 0-2: Foul Ball, location: 2F 0-2: Ball 1-2: Ball 2-2: Foul Ball, location: 2F 2-2: DOUBLE (Flyball, 89D, EV 90.6 MPH) Mitchell Greene to third Runner from 3rd tries for Home, SAFE, throw by RF to trailing runner, SAFE at third!
|
|
Batting: RHB Skyler Goss
|
0-0: Ball 1-0: Ground out 5-3 (Groundball, 56S, EV 65.0 MPH) Steve Byerly scores
|
|
Batting: SHB Robert Sayer
|
0-0: SINGLE (Groundball, 6M, EV 83.8 MPH) (infield hit)
|
|
Batting: RHB Dustin Hartman
|
0-0: Ball Robert Sayer steals 2nd base 1-0: Ball 2-0: Reached on error, E6 (Groundball, 6, EV 83.1 MPH) Robert Sayer to third
|
|
Batting: RHB Cameron Rattenbury
|
0-0: Ball 1-0: Ball 2-0: Ball 3-0: Called Strike 3-1: Foul Ball, location: 2F 3-2: Foul Ball, location: 2F 3-2: Foul Ball, location: 2F 3-2: Base on Balls Dustin Hartman to second
|
|
Batting: RHB Nick Cummings
|
0-0: Ball 1-0: Swinging Strike 1-1: Foul Ball, location: 2F 1-2: Ball 2-2: Ball 3-2: Foul Ball, location: 2F 3-2: Strikes out looking
|
| Top of the 5th over - 4 runs, 3 hits, 1 error, 3 left on base; Biloxi 7 - San Antonio 1 |
| BOTTOM OF THE 5TH |
|
San Antonio Missions batting - Pitching for Biloxi Shuckers : RHP Josh Pelletier
|
|
Batting: RHB Francisco Trejo
|
0-0: Ball 1-0: Called Strike 1-1: Ball 2-1: Foul Ball, location: 2F 2-2: Ground out 6-3 (Groundball, 6, EV 82.5 MPH)
|
|
Batting: RHB Davey Verhoog
|
0-0: Fly out, F9 (Flyball, 89S, EV 85.6 MPH)
|
|
Batting: LHB Sammy Roddenberry
|
0-0: Ball 1-0: Ball 2-0: Called Strike 2-1: Ground out 4-3 (Groundball, 4, EV 93.1 MPH)
|
| Bottom of the 5th over - 0 runs, 0 hits, 0 errors, 0 left on base; Biloxi 7 - San Antonio 1 |
| TOP OF THE 6TH |
|
Biloxi Shuckers batting - Pitching for San Antonio Missions : RHP Warren Swan
|
|
Batting: SHB Mike Williams
|
0-0: DOUBLE (Groundball, 3L, EV 98.1 MPH)
|
|
Batting: RHB Josh Nelson
|
0-0: Swinging Strike 0-1: Called Strike 0-2: Strikes out swinging
|
|
Batting: SHB Mitchell Greene
|
0-0: Ball Mike Williams steals 3rd base 1-0: Called Strike 1-1: SINGLE (Groundball, 15S, EV 63.8 MPH) (infield hit)
|
|
Batting: RHB Steve Byerly
|
0-0: Called Strike Mitchell Greene steals 2nd base 0-1: Called Strike 0-2: Strikes out swinging
|
|
Batting: RHB Skyler Goss
|
0-0: Ball 1-0: Ball 2-0: Ball 3-0: Called Strike 3-1: Foul Ball, location: 2F 3-2: Strikes out swinging
|
| Top of the 6th over - 0 runs, 2 hits, 0 errors, 2 left on base; Biloxi 7 - San Antonio 1 |
| BOTTOM OF THE 6TH |
|
San Antonio Missions batting - Pitching for Biloxi Shuckers : RHP Josh Pelletier
|
|
Batting: SHB Devin Hottenstein
|
0-0: Ball 1-0: Foul Ball, location: 2F 1-1: Ball 2-1: Foul Ball, location: 2F 2-2: Ground out 5-3 (Groundball, 56S, EV 85.6 MPH)
|
|
Batting: RHB Mike Maserang
|
0-0: Swinging Strike 0-1: Ground out 5-3 (Groundball, 56, EV 90.0 MPH)
|
|
Batting: RHB Jaden Scott
|
0-0: Called Strike 0-1: Ball 1-1: Foul Ball, location: 2F 1-2: SOLO HOME RUN (Flyball, 7D, EV 96.9 MPH), Distance : 365 ft
|
|
Batting: RHB Joe Weissman
|
0-0: Ball 1-0: Ground out 4-3 (Groundball, 4, EV 98.1 MPH)
|
| Bottom of the 6th over - 1 run, 1 hit, 0 errors, 0 left on base; Biloxi 7 - San Antonio 2 |
| TOP OF THE 7TH |
|
Biloxi Shuckers batting - Pitching for San Antonio Missions : RHP Warren Swan
|
|
Batting: SHB Robert Sayer
|
0-0: Foul Ball, location: 2F 0-1: Ball 1-1: Swinging Strike 1-2: Foul Ball, location: 2F 1-2: Strikes out swinging
|
|
Batting: RHB Dustin Hartman
|
0-0: Ball 1-0: Called Strike 1-1: Foul Ball, location: 2F 1-2: Foul Ball, location: 2F 1-2: Ball 2-2: SINGLE (Flyball, 8LS, EV 86.2 MPH) - OUT at second base trying to stretch hit.
|
|
Batting: RHB Cameron Rattenbury
|
0-0: Called Strike 0-1: Called Strike 0-2: Ball 1-2: Ball 2-2: Ball 3-2: Reached on error, E5 (Groundball, 5L, EV 101.9 MPH)
|
|
Pitching: RHP Tony Delgado
|
|
|
Batting: RHB Nick Cummings
|
0-0: Ball 1-0: Ball 2-0: Called Strike 2-1: Ball 3-1: Fly out, F9 (Flyball, 9D, EV 104.4 MPH)
|
| Top of the 7th over - 0 runs, 1 hit, 1 error, 1 left on base; Biloxi 7 - San Antonio 2 |
| BOTTOM OF THE 7TH |
|
San Antonio Missions batting - Pitching for Biloxi Shuckers : RHP Josh Pelletier
|
|
Batting: RHB Min-chin Yi
|
0-0: Fly out, F8 (Flyball, 8RXD, EV 85.6 MPH)
|
|
Batting: SHB Olaf Zoeteman
|
0-0: Called Strike 0-1: Ball 1-1: Ball 2-1: Swinging Strike 2-2: Ball 3-2: Foul Ball, location: 2F 3-2: Base on Balls
|
|
Batting: RHB Francisco Trejo
|
0-0: Ball 1-0: Called Strike 1-1: Called Strike 1-2: Grounds into double play, 6-4-3 (Groundball, 6, EV 95.0 MPH)
|
| Bottom of the 7th over - 0 runs, 0 hits, 0 errors, 0 left on base; Biloxi 7 - San Antonio 2 |
| TOP OF THE 8TH |
|
Biloxi Shuckers batting - Pitching for San Antonio Missions : RHP Tony Delgado
|
|
Batting: SHB Mike Williams
|
0-0: Called Strike 0-1: Foul Ball, location: 2F 0-2: Ground out 1-3 (Groundball, 25, EV 75.6 MPH)
|
|
Batting: RHB Josh Nelson
|
0-0: Foul Ball, location: 2F 0-1: Ball 1-1: Ball 2-1: Ball 3-1: Foul Ball, location: 2F 3-2: Strikes out looking
|
|
Batting: SHB Mitchell Greene
|
0-0: Foul Ball, location: 2F 0-1: Foul Ball, location: 2F 0-2: Ball 1-2: Ball 2-2: Foul Ball, location: 2F 2-2: Strikes out swinging
|
| Top of the 8th over - 0 runs, 0 hits, 0 errors, 0 left on base; Biloxi 7 - San Antonio 2 |
| BOTTOM OF THE 8TH |
|
San Antonio Missions batting - Pitching for Biloxi Shuckers : RHP Josh Pelletier
|
|
Pitching: RHP Eddie Becerra
|
|
|
Batting: RHB Davey Verhoog
|
0-0: Called Strike 0-1: Swinging Strike 0-2: Ball 1-2: Ground out U3 (Groundball, 34, EV 87.5 MPH)
|
|
Batting: LHB Sammy Roddenberry
|
0-0: Fly out, F8 (Line Drive, 8RD, EV 96.2 MPH)
|
|
Batting: SHB Devin Hottenstein
|
0-0: Ball 1-0: Called Strike 1-1: Ball 2-1: Foul Ball, location: 2F 2-2: SINGLE (Flyball, 8LS, EV 87.5 MPH)
|
|
Batting: RHB Mike Maserang
|
0-0: Ball 1-0: Ball 2-0: Called Strike 2-1: Ball 3-1: Called Strike 3-2: Foul Ball, location: 2F 3-2: Ground out 5-3 (Groundball, 56, EV 95.0 MPH)
|
| Bottom of the 8th over - 0 runs, 1 hit, 0 errors, 1 left on base; Biloxi 7 - San Antonio 2 |
| TOP OF THE 9TH |
|
Biloxi Shuckers batting - Pitching for San Antonio Missions : RHP Tony Delgado
|
|
Batting: RHB Steve Byerly
|
0-0: Ball 1-0: Ball 2-0: Ball 3-0: Called Strike 3-1: SINGLE (Flyball, 34D, EV 90.6 MPH) - OUT at second base trying to stretch hit.
|
|
Batting: RHB Skyler Goss
|
0-0: Ball 1-0: Fly out, F7 (Flyball, 7S, EV 90.0 MPH)
|
|
Batting: SHB Robert Sayer
|
0-0: Foul Ball, location: 2F 0-1: Called Strike 0-2: Ball 1-2: Ball 2-2: Foul Ball, location: 2F 2-2: Ground out U3 (Groundball, 34S, EV 80.0 MPH)
|
| Top of the 9th over - 0 runs, 1 hit, 0 errors, 0 left on base; Biloxi 7 - San Antonio 2 |
| BOTTOM OF THE 9TH |
|
San Antonio Missions batting - Pitching for Biloxi Shuckers : RHP Eddie Becerra
|
|
Batting: RHB Jaden Scott
|
0-0: Ball 1-0: Ball 2-0: Ground out 1-3 (Groundball, 25, EV 68.8 MPH)
|
|
Batting: RHB Joe Weissman
|
0-0: Ball 1-0: Ball 2-0: Ground out 6-3 (Groundball, 6, EV 85.0 MPH)
|
|
Batting: RHB Min-chin Yi
|
0-0: Foul Ball, location: 2F 0-1: Foul Ball, location: 2F 0-2: Ball 1-2: Hit by Pitch
|
|
Batting: SHB Olaf Zoeteman
|
0-0: Called Strike 0-1: Swinging Strike 0-2: Ball 1-2: Ball 2-2: Fielders Choice at 2nd, U6 (Groundball, 6M, EV 102.5 MPH)
|
| Bottom of the 9th over - 0 runs, 0 hits, 0 errors, 1 left on base; Biloxi 7 - San Antonio 2 |
|